EVO
STANFORD UNIVERSITY CARDINAL @ UNIVERSITY OF NORTH CAROLINA AT CHAPEL HILL TAR HEELS
10/08/2045
 
TOP OF THE 1ST
Stanford University Cardinal batting - Pitching for University of North Carolina at Chapel Hill Tar Heels : RHP Jamie Gordam
Pitching: RHP Jamie Gordam
Batting: RHB Antonio Honorato 0-0: Called Strike
0-1: Swinging Strike
0-2: Foul Ball, location: 2F
0-2: Foul Ball, location: 2F
0-2: Ball
1-2: Ball
2-2: Strikes out looking
Batting: LHB Carlos Palau 0-0: Ball
1-0: Ball
2-0: Bunt for hit to 15 - play at first, batter safe!
Batting: RHB Tim Dower 0-0: Ball
1-0: Swinging Strike
1-1: Fly out, F9 (Flyball, 9, EV 95.6 MPH)
Batting: RHB Jorge Lagunas 0-0: Called Strike
0-1: Fly out, F8 (Line Drive, 8RM, EV 106.2 MPH)
Top of the 1st over - 0 runs, 1 hit, 0 errors, 1 left on base; Stanford University 0 - University of North Carolina at Chapel Hill 0
BOTTOM OF THE 1ST
University of North Carolina at Chapel Hill Tar Heels batting - Pitching for Stanford University Cardinal : RHP Jasper Schrijver
Pitching: RHP Jasper Schrijver
Batting: LHB Timotheus Young 0-0: Called Strike
0-1: Ball
1-1: Foul Ball, location: 2F
1-2: SINGLE (Line Drive, 8RM, EV 87.5 MPH)
Batting: RHB Cesar Rendon 0-0: Ball
1-0: Ball
2-0: Fielders Choice at 2nd, 1-4 (Groundball, 15S, EV 69.4 MPH)
Batting: RHB Mo Tsang 0-0: Swinging Strike
0-1: Ball
1-1: SINGLE (Groundball, 6MS, EV 70.6 MPH) (infield hit)
Cesar Rendon to second
Batting: LHB Ramon Garduno 0-0: Fly out, F7 (Flyball, 7, EV 91.9 MPH)
Batting: LHB Danny de Leon 0-0: Swinging Strike
0-1: Ball
1-1: Ground out 4-3 (Groundball, 4, EV 104.4 MPH)
Bottom of the 1st over - 0 runs, 2 hits, 0 errors, 2 left on base; Stanford University 0 - University of North Carolina at Chapel Hill 0
TOP OF THE 2ND
Stanford University Cardinal batting - Pitching for University of North Carolina at Chapel Hill Tar Heels : RHP Jamie Gordam
Batting: LHB Oscar Tamayo 0-0: Foul Ball, location: 2F
0-1: Swinging Strike
0-2: Ball
1-2: Strikes out swinging
Batting: SHB Rich Hood 0-0: Foul Ball, location: 2F
0-1: Foul Ball, location: 2F
0-2: Ball
1-2: Foul Ball, location: 2F
1-2: Ball
2-2: SINGLE (Flyball, 7LS, EV 91.9 MPH)
Batting: RHB Alejandro Gomez 0-0: Foul Ball, location: 2F
0-1: Called Strike
0-2: Fly out, F9 (Flyball, 9LM, EV 80.6 MPH)
Batting: RHB Troy Morin 0-0: Called Strike
0-1: Foul Ball, location: 2F
0-2: Ball
1-2: Foul Ball, location: 2F
1-2: Strikes out swinging
Top of the 2nd over - 0 runs, 1 hit, 0 errors, 1 left on base; Stanford University 0 - University of North Carolina at Chapel Hill 0
BOTTOM OF THE 2ND
University of North Carolina at Chapel Hill Tar Heels batting - Pitching for Stanford University Cardinal : RHP Jasper Schrijver
Batting: SHB Dan Strickland 0-0: Called Strike
0-1: Foul Ball, location: 2F
0-2: Ground out 4-3 (Groundball, 34D, EV 88.1 MPH)
Batting: RHB Yasuoka Tsuda 0-0: Called Strike
0-1: Ground out 6-3 (Groundball, 6, EV 106.9 MPH)
Batting: RHB Akira Kubo 0-0: Ball
1-0: Called Strike
1-1: Ball
2-1: Ground out 5-3 (Groundball, 56, EV 103.1 MPH)
Bottom of the 2nd over - 0 runs, 0 hits, 0 errors, 0 left on base; Stanford University 0 - University of North Carolina at Chapel Hill 0
TOP OF THE 3RD
Stanford University Cardinal batting - Pitching for University of North Carolina at Chapel Hill Tar Heels : RHP Jamie Gordam
Batting: RHB Eddie Luna 0-0: Ground out 6-3 (Groundball, 6, EV 90.0 MPH)
Batting: RHB Antonio Honorato 0-0: Ball
1-0: SINGLE (Groundball, 6S, EV 76.2 MPH) (infield hit)
Batting: LHB Carlos Palau 0-0: SINGLE (Groundball, 4S, EV 73.1 MPH) (infield hit)
Antonio Honorato to second
Batting: RHB Tim Dower 0-0: Ground out U3 (Groundball, 3S, EV 66.2 MPH)
Antonio Honorato to third
Carlos Palau to second
Batting: RHB Jorge Lagunas 0-0: Ball
1-0: Ball
2-0: Ground out 5-3 (Groundball, 56, EV 84.4 MPH)
Top of the 3rd over - 0 runs, 2 hits, 0 errors, 2 left on base; Stanford University 0 - University of North Carolina at Chapel Hill 0
BOTTOM OF THE 3RD
University of North Carolina at Chapel Hill Tar Heels batting - Pitching for Stanford University Cardinal : RHP Jasper Schrijver
Batting: RHB Juan Casillas 0-0: Swinging Strike
0-1: Ball
1-1: Ball
2-1: Ground out 6-3 (Groundball, 6, EV 91.2 MPH)
Batting: LHB Timotheus Young 0-0: Fly out, F2 (Popup, 2LF, EV 95.6 MPH)
Batting: RHB Cesar Rendon 0-0: Called Strike
0-1: Ball
1-1: Foul Ball, location: 2F
1-2: Ball
2-2: Ball
3-2: Fly out, F8 (Flyball, 8RM, EV 93.8 MPH)
Bottom of the 3rd over - 0 runs, 0 hits, 0 errors, 0 left on base; Stanford University 0 - University of North Carolina at Chapel Hill 0
TOP OF THE 4TH
Stanford University Cardinal batting - Pitching for University of North Carolina at Chapel Hill Tar Heels : RHP Jamie Gordam
Batting: LHB Oscar Tamayo 0-0: Called Strike
0-1: Ball
1-1: Swinging Strike
1-2: Strikes out looking
Batting: SHB Rich Hood 0-0: Called Strike
0-1: Ball
1-1: Ball
2-1: Foul Ball, location: 2F
2-2: Ball
3-2: SOLO HOME RUN (Flyball, 89XD, EV 101.9 MPH), Distance : 419 ft
Batting: RHB Alejandro Gomez 0-0: Swinging Strike
0-1: Ball
1-1: Foul Ball, location: 2F
1-2: Strikes out swinging
Batting: RHB Troy Morin 0-0: Ball
1-0: SINGLE (Flyball, 3D, EV 86.9 MPH)
Batting: RHB Eddie Luna 0-0: Ground out 4-3 (Groundball, 4, EV 81.9 MPH)
Top of the 4th over - 1 run, 2 hits, 0 errors, 1 left on base; Stanford University 1 - University of North Carolina at Chapel Hill 0
BOTTOM OF THE 4TH
University of North Carolina at Chapel Hill Tar Heels batting - Pitching for Stanford University Cardinal : RHP Jasper Schrijver
Batting: RHB Mo Tsang 0-0: Ball
1-0: Ball
2-0: Ball
3-0: Base on Balls
Batting: LHB Ramon Garduno 0-0: Fly out, F8 (Line Drive, 8RD, EV 96.2 MPH)
Batting: LHB Danny de Leon 0-0: Ball
1-0: Grounds into double play, 4-6-3 (Groundball, 34, EV 108.1 MPH)
Bottom of the 4th over - 0 runs, 0 hits, 0 errors, 0 left on base; Stanford University 1 - University of North Carolina at Chapel Hill 0
TOP OF THE 5TH
Stanford University Cardinal batting - Pitching for University of North Carolina at Chapel Hill Tar Heels : RHP Jamie Gordam
Batting: RHB Antonio Honorato 0-0: Foul Ball, location: 2F
0-1: Called Strike
0-2: Foul Ball, location: 2F
0-2: Foul Ball, location: 2F
0-2: Ball
1-2: Ball
2-2: DOUBLE (Flyball, 89D, EV 93.8 MPH)
Batting: LHB Carlos Palau 0-0: Ball
1-0: Ball
2-0: Foul Ball, location: 2F
2-1: Foul Ball, location: 2F
2-2: Strikes out swinging
Batting: RHB Tim Dower 0-0: Ball
1-0: Called Strike
1-1: Ball
2-1: Swinging Strike
2-2: Strikes out swinging
Pitching: LHP Matt DeGrado
Batting: RHB Jorge Lagunas 0-0: Called Strike
0-1: DOUBLE (Line Drive, 7LM, EV 110.6 MPH)
Antonio Honorato scores
Batting: LHB Oscar Tamayo 0-0: Called Strike
0-1: Ball
1-1: Foul Ball, location: 2F
1-2: Strikes out swinging
Top of the 5th over - 1 run, 2 hits, 0 errors, 1 left on base; Stanford University 2 - University of North Carolina at Chapel Hill 0
BOTTOM OF THE 5TH
University of North Carolina at Chapel Hill Tar Heels batting - Pitching for Stanford University Cardinal : RHP Jasper Schrijver
Batting: SHB Dan Strickland 0-0: Ball
1-0: Called Strike
1-1: SINGLE (Groundball, 56D, EV 96.2 MPH)
Batting: RHB Yasuoka Tsuda 0-0: Called Strike
0-1: Grounds into double play, 6-4-3 (Groundball, 6, EV 99.4 MPH)
Batting: RHB Akira Kubo 0-0: Ball
1-0: TRIPLE (Line Drive, 89XD, EV 104.4 MPH)
Batting: RHB Juan Casillas 0-0: Called Strike
0-1: Swinging Strike
0-2: Foul Ball, location: 2F
0-2: SINGLE (Line Drive, 9S, EV 106.2 MPH)
Akira Kubo scores
Batting: LHB Timotheus Young 0-0: Foul Ball, location: 2F
0-1: Fielders Choice at 2nd, 6-4 (Groundball, 6, EV 97.5 MPH)
Bottom of the 5th over - 1 run, 3 hits, 0 errors, 1 left on base; Stanford University 2 - University of North Carolina at Chapel Hill 1
TOP OF THE 6TH
Stanford University Cardinal batting - Pitching for University of North Carolina at Chapel Hill Tar Heels : LHP Matt DeGrado
Batting: SHB Rich Hood 0-0: Ball
1-0: Foul Ball, location: 2F
1-1: Ball
2-1: Called Strike
2-2: Foul Ball, location: 2F
2-2: Foul Ball, location: 2F
2-2: SINGLE (Flyball, 3D, EV 90.6 MPH)
Batting: RHB Alejandro Gomez 0-0: Foul Ball, location: 2F
0-1: Ball
1-1: Swinging Strike
1-2: Foul Ball, location: 2F
1-2: Strikes out swinging
Batting: RHB Troy Morin 0-0: Ball
1-0: Foul Ball, location: 2F
1-1: Ground out U3 (Groundball, 3, EV 78.8 MPH)
Rich Hood to second
Batting: RHB Eddie Luna 0-0: Called Strike
0-1: Swinging Strike
0-2: Fly out, F7 (Flyball, 7LD, EV 98.8 MPH)
Top of the 6th over - 0 runs, 1 hit, 0 errors, 1 left on base; Stanford University 2 - University of North Carolina at Chapel Hill 1
BOTTOM OF THE 6TH
University of North Carolina at Chapel Hill Tar Heels batting - Pitching for Stanford University Cardinal : RHP Jasper Schrijver
Batting: RHB Cesar Rendon 0-0: Ground out 6-3 (Groundball, 6, EV 98.8 MPH)
Batting: RHB Mo Tsang 0-0: Ball
1-0: Ground out 6-3 (Groundball, 6, EV 88.8 MPH)
Batting: LHB Ramon Garduno 0-0: Ball
1-0: Foul Ball, location: 2F
1-1: Foul Ball, location: 2F
1-2: Ball
2-2: Fly out, F7 (Flyball, 7D, EV 100.0 MPH)
Bottom of the 6th over - 0 runs, 0 hits, 0 errors, 0 left on base; Stanford University 2 - University of North Carolina at Chapel Hill 1
TOP OF THE 7TH
Stanford University Cardinal batting - Pitching for University of North Carolina at Chapel Hill Tar Heels : LHP Matt DeGrado
Batting: RHB Antonio Honorato 0-0: Called Strike
0-1: SINGLE (Line Drive, 8RS, EV 105.0 MPH)
Batting: LHB Carlos Palau 0-0: Sac Bunt to 13 - play at first, batter OUT! 1-4
Antonio Honorato to second
Batting: RHB Tim Dower 0-0: Ball
1-0: Called Strike
1-1: Swinging Strike
1-2: Strikes out swinging
Batting: RHB Jorge Lagunas 0-0: Ball
1-0: Called Strike
1-1: Ball
2-1: Ground out 6-3 (Groundball, 56, EV 83.8 MPH)
Top of the 7th over - 0 runs, 1 hit, 0 errors, 1 left on base; Stanford University 2 - University of North Carolina at Chapel Hill 1
BOTTOM OF THE 7TH
University of North Carolina at Chapel Hill Tar Heels batting - Pitching for Stanford University Cardinal : RHP Jasper Schrijver
Batting: LHB Danny de Leon 0-0: Ball
1-0: Called Strike
1-1: Called Strike
1-2: Foul Ball, location: 2F
1-2: Fly out, F8 (Line Drive, 8LM, EV 90.0 MPH)
Batting: SHB Dan Strickland 0-0: Called Strike
0-1: Ball
1-1: Called Strike
1-2: Ball
2-2: Ground out U3 (Groundball, 3L, EV 95.6 MPH)
Batting: RHB Yasuoka Tsuda 0-0: Ball
1-0: Foul Ball, location: 2F
1-1: Ball
2-1: Swinging Strike
2-2: Ball
3-2: Strikes out swinging
Bottom of the 7th over - 0 runs, 0 hits, 0 errors, 0 left on base; Stanford University 2 - University of North Carolina at Chapel Hill 1
TOP OF THE 8TH
Stanford University Cardinal batting - Pitching for University of North Carolina at Chapel Hill Tar Heels : LHP Matt DeGrado
Pitching: RHP Brian Jarrett
Batting: LHB Oscar Tamayo 0-0: Ball
1-0: Ball
2-0: Swinging Strike
2-1: Foul Ball, location: 2F
2-2: Strikes out looking
Batting: SHB Rich Hood 0-0: Called Strike
0-1: Swinging Strike
0-2: Ground out 4-3 (Groundball, 4, EV 102.5 MPH)
Batting: RHB Alejandro Gomez 0-0: Foul Ball, location: 2F
0-1: Ball
1-1: Swinging Strike
1-2: Ball
2-2: Strikes out swinging
Top of the 8th over - 0 runs, 0 hits, 0 errors, 0 left on base; Stanford University 2 - University of North Carolina at Chapel Hill 1
BOTTOM OF THE 8TH
University of North Carolina at Chapel Hill Tar Heels batting - Pitching for Stanford University Cardinal : RHP Jasper Schrijver
Pitching: RHP Tomas Cavazos
Batting: RHB Akira Kubo 0-0: Ball
1-0: Called Strike
1-1: Ball
2-1: Ball
3-1: Ground out 5-3 (Groundball, 56, EV 89.4 MPH)
Batting: RHB Juan Casillas 0-0: Ground out 6-3 (Groundball, 6S, EV 88.1 MPH)
Pinch Hitting: RHB John Norton 0-0: Foul Ball, location: 2F
0-1: Foul Ball, location: 2F
0-2: Foul Ball, location: 2F
0-2: Ball
1-2: Foul Ball, location: 2F
1-2: Hit by Pitch
Batting: RHB Cesar Rendon 0-0: Called Strike
0-1: Foul Ball, location: 2F
0-2: Ball
1-2: Foul Ball, location: 2F
1-2: Ball
2-2: Ground out 4-3 (Groundball, 34, EV 88.1 MPH)
Bottom of the 8th over - 0 runs, 0 hits, 0 errors, 1 left on base; Stanford University 2 - University of North Carolina at Chapel Hill 1
TOP OF THE 9TH
Stanford University Cardinal batting - Pitching for University of North Carolina at Chapel Hill Tar Heels : RHP Brian Jarrett
Now in CF: Bill Rhodes
Batting: RHB Troy Morin 0-0: Called Strike
0-1: Ball
1-1: Ball
2-1: Ground out 5-3 (Groundball, 56, EV 106.2 MPH)
Batting: RHB Eddie Luna 0-0: Foul Ball, location: 2F
0-1: Fly out, F8 (Flyball, 8RXD, EV 89.4 MPH)
Batting: RHB Antonio Honorato 0-0: Called Strike
0-1: Foul Ball, location: 2F
0-2: Strikes out swinging
Top of the 9th over - 0 runs, 0 hits, 0 errors, 0 left on base; Stanford University 2 - University of North Carolina at Chapel Hill 1
BOTTOM OF THE 9TH
University of North Carolina at Chapel Hill Tar Heels batting - Pitching for Stanford University Cardinal : RHP Tomas Cavazos
Pitching: RHP Brian Hunt
Now at 3B: Oscar Tamayo
Now in RF: Yok-sing Zhào
Pinch Hitting: RHB R.J. Gomez 0-0: Called Strike
0-1: Called Strike
0-2: Ball
1-2: Ground out 4-3 (Groundball, 4MS, EV 89.4 MPH)
Batting: LHB Ramon Garduno 0-0: Called Strike
0-1: Ball
1-1: Called Strike
1-2: Strikes out swinging
Batting: LHB Danny de Leon 0-0: Called Strike
0-1: Ball
1-1: Fly out, F8 (Flyball, 78M, EV 86.2 MPH)
Bottom of the 9th over - 0 runs, 0 hits, 0 errors, 0 left on base; Stanford University 2 - University of North Carolina at Chapel Hill 1
Wednesday, June 22nd , 2022 - OOTP Baseball 23.4 Build 64